[Event "Late-Titled-Tuesday-Blitz-February-27-2024"]
[Site "Chess.com"]
[Date "2024.02.27"]
[Round "10"]
[White "TigrVShlyape"]
[Black "Rud_Makarian"]
[Result "1-0"]
[WhiteElo "2920"]
[BlackElo "3065"]
[TimeControl "180+1"]
[EndTime "15:55:42 PST"]
[Termination "TigrVShlyape won on time"]

1. d4 Nf6 2. Bf4 c5 3. e3 Qb6 4. Nc3 d6 5. Bb5+ Nbd7 6. a4 a6 7. a5 Qc7 8. Be2 g6 9. Nf3 Bg7 10. O-O O-O 11. h3 b5 12. axb6 Nxb6 13. d5 Bd7 14. e4 a5 15. Re1 Qb7 16. Bf1 Rfe8 17. Qd2 a4 18. Bh6 Nc8 19. Bxg7 Kxg7 20. e5 dxe5 21.
Nxe5 Nd6 22. Ra2 Reb8 23. g4 h6 24. Bg2 Re8 25. Nc6 Bxc6 26. dxc6 Qb4 27. Rea1 a3 28. bxa3 Qa5 29. a4 Rad8 30. Qe1 Qb4 31. Nb5 Qf4 32. Qe3 Qc4 33. Nc7 Rf8 34. Qxe7 Nc8 35. Qe5 Na7 36.
Rb2 Nc8 37. a5 Rd2 38. a6 Nd6 39. a7 1-0

[Event "Late-Titled-Tuesday-Blitz-February-27-2024"]
[Site "Chess.com"]
[Date "2024.02.27"]
[Round "10"]
[White "djano"]
[Black "kripri"]
[Result "1-0"]
[WhiteElo "2562"]
[BlackElo "2352"]
[TimeControl "180+1"]
[EndTime "15:55:43 PST"]
[Termination "djano won by resignation"]

1. d4 Nf6 2. Bg5 h6 3. Bh4 d5 4. Nc3 c6 5. Qd3 Bg4 6. O-O-O e6 7. f3 Bh5 8. Nh3 Be7 9. Nf4 g5 10. Nxh5 Nxh5 11. Bf2 Qa5 12. Kb1 Nd7 13. e4 Nf4 14. Qe3 O-O-O 15. g3 Ng6 16. e5 Bb4 17. Be1 Qb6 18. Na4 Qa5 19. Nc3 c5 20. a3 Bxc3 21.
Bxc3 Qb6 22. dxc5 Qxc5 23. Bd4 Qc7 24. f4 gxf4 25. gxf4 b6 26. Rd3 Kb8 27. Rc3 Qb7 28.
f5 exf5 29. e6 fxe6 30. Bxh8 Nxh8 31. Qxe6 d4 32. Qd6+ Ka8 33. Rg1 dxc3 34. Bg2 Qxg2 35. Rxg2 Nf7 36. Qe7 Nde5 37. Re2 cxb2 38. Rxe5 Rd1+ 39.
Kxb2 Nxe5 40. Qxe5 Kb7 41. Qg7+ Kc6 42. Qxh6+ Rd6 43.
Qf4 Rd5 44. h4 Kc5 45. h5 Rd4 46. Qxf5+ Kc4 47. h6 b5 48. h7 Rd8 49. Qd3+ Rxd3 50. cxd3+ Kxd3 51. h8=Q b4 52. Qd8+ Kc4 53. Qh4+ Kb5 54.
Qxb4+ Ka6 55. Qf8 Ka5 56. Kb3 Ka6 57. Kc4 Kb6 58. Qd6+ Ka5 59. Qb4+ Ka6 1-0

[Event "Late-Titled-Tuesday-Blitz-February-27-2024"]
[Site "Chess.com"]
[Date "2024.02.27"]
[Round "10"]
[White "egnfanclub"]
[Black "shirovin"]
[Result "1-0"]
[WhiteElo "2382"]
[BlackElo "2074"]
[TimeControl "180+1"]
[EndTime "15:55:44 PST"]
[Termination "egnfanclub won on time"]

1. e4 c5 2. Nc3 Nc6 3. f4 g6 4. Nf3 Bg7 5. Bc4 e6 6. f5 Nge7 7. fxe6 dxe6 8. d3 O-O 9. O-O Nd4 10.
Be3 Nec6 11. Qd2 Na5 12. Bb3 Naxb3 13. axb3 e5 14. Bh6 f6 15. Bxg7 Kxg7 16. Nxd4 cxd4 17. Nd5 Be6 18. c4 dxc3 19. Nxc3 Bxb3 20. Rf3 Rf7 21. Rh3 Qf8 22. Rf1 Kg8 23. Rhf3 Rd8 24. Qf2 Kg7 25. Qxa7 Rd4 26. Qb6 Qb4 27. Rxf6 Qxb6 28.
Rxb6 Rxf1+ 29. Kxf1 Bc2 30. Rxb7+ Kh6 31. Ke2 Bxd3+ 32.
Ke3 Bc2 33. Rb5 Rd3+ 34. Ke2 Rd4 35. Rxe5 Rb4 36. Kd2 Ba4 37. Nxa4 Rxa4 38. Kc3 Kg7 39. b4 Kf6 40. Ra5 Ra3+ 41. Rxa3 1-0

[Event "Late-Titled-Tuesday-Blitz-February-27-2024"]
[Site "Chess.com"]
[Date "2024.02.27"]
[Round "10"]
[White "Genghis_K"]
[Black "mishanick"]
[Result "0-1"]
[WhiteElo "2941"]
[BlackElo "3071"]
[TimeControl "180+1"]
[EndTime "15:55:46 PST"]
[Termination "mishanick won on time"]

1. e4 c5 2. Nf3 e6 3. c3 d5 4. e5 d4 5. d3 Nc6 6. g3 Nge7 7.
Bg2 dxc3 8. bxc3 b6 9. O-O Ba6 10. c4 Qd7 11. Nc3 Rd8 12. Qa4 Nb4 13. Nb5 Bxb5 14. cxb5 a6 15. d4 axb5 16. Qb3 Ned5 17. a4 c4 18. Qb1 bxa4 19. Ng5 Be7 20. Ne4 O-O 21. h4 c3 22. Bg5 c2 23. Qc1 b5 24. h5 Rc8 25. h6 g6 26. Bxe7 Qxe7 27. Nc5 Rfd8 28. Qd2 Nc6 29. Ne4 Qb4 30. Qg5 Nxd4 31.
Nf6+ Nxf6 32. Qxf6 Qf8 33. Qg5 b4 34. Kh2 a3 35.
Be4 b3 0-1

[Event "Late-Titled-Tuesday-Blitz-February-27-2024"]
[Site "Chess.com"]
[Date "2024.02.27"]
[Round "10"]
[White "Vasily85"]
[Black "kai_nov"]
[Result "0-1"]
[WhiteElo "2485"]
[BlackElo "2348"]
[TimeControl "180+1"]
[EndTime "15:55:46 PST"]
[Termination "kai_nov won on time"]

1. Nf3 d5 2. g3 c5 3. Bg2 Nc6 4. d4 cxd4 5. Nxd4 e6 6. O-O Bc5 7. Nxc6 bxc6 8. c4 Nf6 9. Qc2 Be7 10. Rd1 O-O 11. Nc3 Bb7 12. e4 Qc7 13. Bg5 Rfd8 14. cxd5 cxd5 15. exd5 Nxd5 16. Bxe7 Nxe7 17. Rac1 Bxg2 18.
Kxg2 Qb7+ 19. Kg1 Nf5 20. Ne2 h5 21. h4 Qf3 22. Rxd8+ Rxd8 23. Rd1 Rxd1+ 24. Qxd1 Kh7 25.
Qd2 g6 26. b3 Qc6 27. Nd4 Qd5 0-1

[Event "Late-Titled-Tuesday-Blitz-February-27-2024"]
[Site "Chess.com"]
[Date "2024.02.27"]
[Round "10"]
[White "manitodeplomo"]
[Black "EsmeraldasAnderson03"]
[Result "1-0"]
[WhiteElo "2659"]
[BlackElo "2519"]
[TimeControl "180+1"]
[EndTime "15:55:50 PST"]
[Termination "manitodeplomo won by resignation"]

1. d4 d5 2. c4 dxc4 3. Nf3 Nf6 4. e3 e6 5. Bxc4 a6 6. Nc3 c5 7. O-O Nbd7 8. Re1 b5 9. Bb3 c4 10. Bc2 Bb7 11. e4 Be7 12. d5 Nc5 13. d6 Bf8 14. e5 Nd5 15. Bg5 Qb6 16. Nxd5 Bxd5 17.
Qd4 Qc6 18. Qe3 h6 19. Bh4 g5 20. Bg3 Bg7 21. Nd4 Qc8 22. Rad1 Bb7 23. b4 Nd7 24. f4 gxf4 25. Bxf4 Rg8 26. Qg3 Kf8 27. Rf1 Nb6 28.
Qh4 Bd5 29. Bxh6 Ra7 30. Bh7 Bxh6 31. Qxh6+ Rg7 32. Rf4 f5 33. exf6 Ke8 34. fxg7 Kd7 35. g8=Q Qxg8 36. Bxg8 Kxd6 37. Qh8 Nd7 38. Nxe6 1-0

[Event "Late-Titled-Tuesday-Blitz-February-27-2024"]
[Site "Chess.com"]
[Date "2024.02.27"]
[Round "10"]
[White "cthulhuuu"]
[Black "ozates"]
[Result "0-1"]
[WhiteElo "2456"]
[BlackElo "2624"]
[TimeControl "180+1"]
[EndTime "15:55:50 PST"]
[Termination "ozates won on time"]

1. e4 e5 2. Nf3 Nc6 3. Bb5 a6 4. Bxc6 dxc6 5. O-O Ne7 6. Nxe5 Ng6 7. Nf3 Bg4 8. d3 Bd6 9. h3 Bh5 10. Nbd2 Qf6 11.
Nc4 Nh4 12. e5 Nxf3+ 13. Qxf3 Qxf3 14. gxf3 Be7 15. Kg2 O-O-O 16. Bd2 g5 17. f4 g4 18. f5 gxh3+ 19. Kxh3 Rhg8 20. Rg1 Bc5 21. Be3 Bxe3 22. Nxe3 h6 23. Rg3 Rxg3+ 24. Kxg3 Rd4 25. Rh1 Be2 26.
Rxh6 Rd8 27. e6 fxe6 28. fxe6 Re8 29. Kf4 Kd8 30. Ke5 Kc8 31. Nf5 b6 32. Rh7 Bg4 33. Kf6 Rf8+ 34. Rf7 Re8 35. Nh6 Bxe6 36. Re7 Rxe7 37. Kxe7 Bxa2 38. f4 Bb1 39. f5 Bxc2 40. f6 Bb3 41. Nf5 b5 42. Nd4 Bg8 43. Nxc6 Kb7 44.
Ne5 c5 0-1

[Event "Late-Titled-Tuesday-Blitz-February-27-2024"]
[Site "Chess.com"]
[Date "2024.02.27"]
[Round "10"]
[White "Godzillator"]
[Black "karinachess1"]
[Result "0-1"]
[WhiteElo "2354"]
[BlackElo "2591"]
[TimeControl "180+1"]
[EndTime "15:55:50 PST"]
[Termination "karinachess1 won by resignation"]

1. Nf3 Nf6 2. e3 g6 3. b3 Bg7 4.
Bb2 O-O 5. Be2 c5 6. O-O Nc6 7. d3 d5 8. Ne5 Qc7 9. Nxc6 Qxc6 10. f4 b6 11. Nd2 Bb7 12. Nf3 Rad8 13. Ne5 Qc7 14. a4 Rfe8 15. Qc1 a6 16. Bf3 b5 17. axb5 axb5 18. Ra7 Ra8 19. Rxa8 Rxa8 20. g3 Rd8 21. Qa1 Qb6 22. Kg2 d4 23. Bxb7 Qxb7+ 24. e4 Nxe4 25.
dxe4 Bxe5 26. fxe5 Qxe4+ 27. Kg1 Qxc2 28. e6 fxe6 29. b4 e5 30. bxc5 Qxc5 31. Qa6 d3+ 32. Kg2 Qd5+ 33. Kh3 d2 34. Rd1 Qb3 35. Bxe5 Qxd1 36.
Qe6+ Kf8 37. Bg7+ Ke8 38. Qg8+ Kd7 39. Qd5+ Kc7 40. Be5+ Rd6 41. Qc5+ Kd7 42. Qxb5+ Ke6 43. Bxd6 Qh5+ 44. Kg2 Qxb5 0-1

[Event "Late-Titled-Tuesday-Blitz-February-27-2024"]
[Site "Chess.com"]
[Date "2024.02.27"]
[Round "10"]
[White "GilbertoHernandezAmura"]
[Black "Journey_to_GrandMaster_YT"]
[Result "0-1"]
[WhiteElo "2450"]
[BlackElo "2521"]
[TimeControl "180+1"]
[EndTime "15:55:54 PST"]
[Termination "Journey_to_GrandMaster_YT won by resignation"]

1. e4 d6 2. d4 Nf6 3. Bd3 e5 4. c3 g6 5. Ne2 Bg7 6. Bg5 O-O 7. h4 h6 8. Bxf6 Qxf6 9. h5 g5 10. Nd2 exd4 11. Nxd4 c5 12. Nb5 Qe7 13. O-O a6 14.
Na3 b5 15. Re1 Nd7 16. Nf3 Ne5 17. Nxe5 Bxe5 18. Be2 Kh8 19. Nc2 g4 20. g3 Qg5 21.
Ne3 Rg8 22. Qd5 Be6 23. Qd3 Qxh5 24. a4 c4 25. Qd1 b4 26. cxb4 Bxb2 27. Rb1 c3 28. Nc4 Rac8 29. Nxb2 cxb2 30. Qxd6 Rgd8 31. Qxa6 Rd2 32. b5 Rxe2 33. Rxe2 Rc1+ 34. Re1 Qc5 35. Qa8+ Kh7 36. Qd8 Qc2 37. Qd1 Qxb1 0-1

[Event "Late-Titled-Tuesday-Blitz-February-27-2024"]
[Site "Chess.com"]
[Date "2024.02.27"]
[Round "10"]
[White "cassoulet"]
[Black "Baronessa08"]
[Result "1-0"]
[WhiteElo "2777"]
[BlackElo "2548"]
[TimeControl "180+1"]
[EndTime "15:55:56 PST"]
[Termination "cassoulet won by checkmate"]

1. e4 c5 2. Nc3 Nc6 3. g3 g6 4. Bg2 Bg7 5. d3 d6 6. Be3 e6 7. Qd2 Rb8 8. Nge2 Nd4 9. O-O b5 10. a3 Ne7 11. Rac1 O-O 12. Bh6 Nxe2+ 13. Nxe2 Bb7 14.
Bxg7 Kxg7 15. d4 c4 16. d5 e5 17. f4 f6 18. fxe5 dxe5 19. Qb4 a5 20. Qc5 Qd7 21. Rcd1 Nc8 22. Nc3 Nd6 23. Bh3 Qxh3 24. Qxd6 b4 25. Nb5 c3 26. bxc3 bxc3 27. Nc7 Kg8 28. Ne6 Rfe8 29. Qc7 Qh6 30. Rxf6 Ba6 31. Qa7 Be2 32.
Re1 Bc4 33. Qf2 Rb2 34. Rf7 Bb3 35. Rg7+ Kh8 36. Qf7 Ba4 37. Qf6 Rxe6 38. Qf8# 1-0

[Event "Late-Titled-Tuesday-Blitz-February-27-2024"]
[Site "Chess.com"]
[Date "2024.02.27"]
[Round "10"]
[White "Laico"]
[Black "otrov-11"]
[Result "0-1"]
[WhiteElo "2402"]
[BlackElo "2617"]
[TimeControl "180+1"]
[EndTime "15:55:56 PST"]
[Termination "otrov-11 won on time"]

1. e4 e6 2. d4 d5 3. Nd2 c5 4.
exd5 Qxd5 5. Ngf3 cxd4 6. Bc4 Qd6 7. O-O Nf6 8. Nb3 Nc6 9. Nbxd4 Nxd4 10. Qxd4 Qxd4 11. Nxd4 Bd7 12. Bb5 Bc5 13. Bxd7+ Nxd7 14. Nb3 Bd6 15. Rd1 Ke7 16. Bg5+ f6 17. Be3 Rhc8 18. Nd4 a6 19. c3 Ne5 20. Re1 Kf7 21. h3 Nc4 22. Bc1 e5 23. Nf5 Bf8 24. b3 Nb6 25. c4 Nd7 26. Rd1 Ke6 27. Ne3 b5 28. Bb2 Bc5 29. Nd5 Rab8 30. Rac1 bxc4 31.
b4 Bxb4 32. Nxb4 Rxb4 33. Ba3 Rb6 34. Rc3 Rbc6 35. Rb1 Nb6 36. Bc1 Nd5 37. Rc2 c3 38. Rb3 Rb6 39. Ra3 Rb1 40. Kh2 Nb4 41. Rcxc3 Rxc3 42.
Rxc3 Nxa2 43. Rc6+ Kf7 44. Be3 Nb4 45. Rb6 Rb2 46.
Bc5 Nd3 47. Rxa6 Nxc5 48. Ra7+ Kg6 49. Kg3 h5 50. f3 Rb3 51. Kh4 Kh6 52. g4 g5+ 53. Kg3 hxg4 54. hxg4 Kg6 55. Rc7 Ne6 56. Rc6 Nf4 57. Ra6 Nd5 58. Rd6 Nb4 59. Rb6 Rb2 60.
Rb8 Nd3 61. Rd8 Ne1 62. Rg8+ Kf7 63. Rc8 Rb3 64. Rc7+ Kg6 65. Rc8 Nxf3 0-1

[Event "Late-Titled-Tuesday-Blitz-February-27-2024"]
[Site "Chess.com"]
[Date "2024.02.27"]
[Round "10"]
[White "Roberz12"]
[Black "Defenstrator"]
[Result "0-1"]
[WhiteElo "2567"]
[BlackElo "2422"]
[TimeControl "180+1"]
[EndTime "15:55:56 PST"]
[Termination "Defenstrator won by checkmate"]

1. e4 e6 2. d4 d5 3. exd5 exd5 4.
h3 Nf6 5. c4 Bb4+ 6. Nc3 O-O 7.
Nf3 Nc6 8. Be3 Na5 9. c5 b6 10. cxb6 axb6 11. Bd3 Ne4 12. O-O Nxc3 13. bxc3 Bxc3 14.
Bxh7+ Kxh7 15. Qd3+ Kg8 16. Ng5 g6 17. Qxc3 Nc4 18. Bc1 Qf6 19. Nf3 Bf5 20. Bg5 Qg7 21.
a4 Be4 22. Rfd1 Ra5 23. Nd2 Nxd2 24. Qxd2 Rfa8 25. Qb4 Bc2 26. Rdc1 Rxa4 27. Rxa4 Rxa4 28. Qe7 Rc4 29. Qd8+ Qf8 30. Qxd5 Rc3 31. Qe5 c6 32.
d5 Rc5 33. Be7 Qe8 34. Qc7 Rxd5 35. Rxc2 Rd7 36. Qxc6 Qxe7 37. Qxb6 Rd1+ 38. Kh2 Qe5+ 39. g3 Qe4 40. f3 Qxc2+ 41. Qf2 Qxf2# 0-1

[Event "Late-Titled-Tuesday-Blitz-February-27-2024"]
[Site "Chess.com"]
[Date "2024.02.27"]
[Round "10"]
[White "kalxandria"]
[Black "dimoni64"]
[Result "1/2-1/2"]
[WhiteElo "2133"]
[BlackElo "1984"]
[TimeControl "180+1"]
[EndTime "15:55:56 PST"]
[Termination "Game drawn by repetition"]

1. e4 c5 2. Nf3 d6 3. d4 cxd4 4.
Nxd4 Nf6 5. Nc3 a6 6. Bc4 e6 7. Bb3 Be7 8. Be3 O-O 9. O-O Nc6 10.
f4 Na5 11. Qf3 Nxb3 12. axb3 e5 13. Nf5 b5 14. Nxe7+ Qxe7 15. f5 Bb7 16. Bg5 h6 17.
Bh4 b4 18. Nd5 Bxd5 19. exd5 a5 20. g4 Qa7+ 21. Kh1 e4 22. Qf4 Nxd5 23. Qxe4 Qc5 24. Rad1 Ne3 25. Bf2 Rfe8 26. Qf3 d5 27. f6 g6 28. Qf4 g5 29. Bxe3 Qxe3 30. Qxe3 Rxe3 31. Rxd5 Re2 32. Rc5 Rd8 33. Rxa5 Rdd2 34. Ra8+ Kh7 35.
Rc1 Rxh2+ 36. Kg1 Rhg2+ 37. Kh1 Rh2+ 38. Kg1 Rdg2+ 39. Kf1 Rf2+ 40. Kg1 Rhg2+ 41. Kh1 Rh2+ 42. Kg1 Rhg2+ 43. Kh1 Rh2+ 44. Kg1 1/2-1/2

[Event "Late-Titled-Tuesday-Blitz-February-27-2024"]
[Site "Chess.com"]
[Date "2024.02.27"]
[Round "10"]
[White "GoltsevDmitry2000"]
[Black "ninguno46"]
[Result "0-1"]
[WhiteElo "2734"]
[BlackElo "2600"]
[TimeControl "180+1"]
[EndTime "15:55:57 PST"]
[Termination "ninguno46 won by checkmate"]

1. e4 c5 2. Nf3 Nc6 3. d4 cxd4 4. Nxd4 g6 5. Nc3 Bg7 6. Nb3 Nf6 7. Be2 d6 8. Bg5 a5 9. a4 O-O 10. Qd2 Be6 11. h4 Rc8 12. h5 Nb4 13. hxg6 fxg6 14. Nd4 Bf7 15. Bh6 Bxh6 16. Rxh6 Qb6 17. Rc1 Rc5 18.
g4 Re5 19. f3 d5 20. g5 dxe4 21. f4 e3 22. Qd1 Re4 23. Nxe4 Nxe4 24. c3 Nf2 25. Nf5 Nxd1 26. Rxd1 Nc2+ 27. Kf1 Qc7 28. Ng3 Qxf4+ 29. Kg2 Qf2+ 30. Kh3 Be6+ 31. Bg4 Bxg4+ 32. Kxg4 e2 33. Rd7 e1=Q 34. Rxe7 Qxe7 35. Rxh7 Rf4+ 36.
Kh3 Qxh7+ 37. Nh5 Qxh5# 0-1

[Event "Late-Titled-Tuesday-Blitz-February-27-2024"]
[Site "Chess.com"]
[Date "2024.02.27"]
[Round "10"]
[White "rdarruda"]
[Black "IlanSchnaider"]
[Result "0-1"]
[WhiteElo "2502"]
[BlackElo "2701"]
[TimeControl "180+1"]
[EndTime "15:55:58 PST"]
[Termination "IlanSchnaider won by resignation"]

1. Nf3 Nf6 2. d4 d5 3. c4 c6 4. e3 e6 5. Nc3 Nbd7 6. Bd3 dxc4 7. Bxc4 b5 8. Bd3 b4 9. Ne4 Nxe4 10. Bxe4 Bb7 11. O-O Be7 12. Bd2 O-O 13. Rc1 Rc8 14.
Qa4 Qb6 15. Rc4 Ba6 16. Rxc6 Rxc6 17. Qxc6 Qxc6 18. Bxc6 Bxf1 19. Kxf1 Nb6 20. b3 Rc8 21. Be4 Nd5 22. Ke1 a5 23. Ne5 a4 24. bxa4 Nc3 25. Bxc3 Rxc3 26. Kd1 Ra3 27. Bc2 Rxa2 28. Nc6 Bd6 29. e4 Ra3 30. e5 Bf8 31. Na5 b3 32. Nxb3 Rxa4 33. Kd2 g6 34. Kd3 h5 35. h3 Be7 36. f3 h4 37. Nd2 Ra1 38. Ke2 Bg5 39. Ne4 Bf4 40. Bb3 Rb1 41. Bc4 Rb2+ 42. Kf1 Be3 43.
d5 exd5 44. Bxd5 Kg7 45. e6 fxe6 46. Bxe6 Bd4 47. Bd5 Rb1+ 48. Ke2 Rg1 49. Kd3 Ba7 50. f4 Rxg2 51. Ng5 Rg3+ 52. Kc4 Be3 53. Be4 Kf6 0-1

[Event "Late-Titled-Tuesday-Blitz-February-27-2024"]
[Site "Chess.com"]
[Date "2024.02.27"]
[Round "10"]
[White "lagedema"]
[Black "reevecanada"]
[Result "0-1"]
[WhiteElo "2418"]
[BlackElo "2601"]
[TimeControl "180+1"]
[EndTime "15:55:58 PST"]
[Termination "reevecanada won by resignation"]

1. d4 Nf6 2. Bg5 Ne4 3. Bf4 d5 4. e3 c5 5. Bd3 Nc6 6. Bxe4 dxe4 7. d5 Nb4 8. Nc3 e6 9. d6 g5 10. Be5 f6 11. Qh5+ Kd7 12. Qf7+ Kc6 13. Bxf6 Qd7 14. Qxd7+ Bxd7 15. O-O-O Rg8 16. Nxe4 Nxa2+ 17. Kb1 Nb4 18. Nf3 Kb6 19. Ne5 Ba4 20. Nc4+ Kc6 21. b3 Bb5 22. Ne5+ Kb6 23. c4 Bc6 24. Nxc6 Nxc6 25. Bxg5 h6 26. Bf4 a5 27. Nc3 Nb4 28. Bg3 Kc6 29. Rd2 Bg7 30. Na4 b5 31. cxb5+ Kxb5 32. Rc1 Nd5 33. Rxc5+ Kb4 34. Kc2 Rgc8 35. Rxc8 Rxc8+ 36. Kd3 Kxb3 37. d7 Rd8 38. Nc5+ Kb4 39. Rc2 a4 40.
Rc4+ Kb5 41. Nxe6 Rxd7 42. Nxg7 Rxg7 43. Rc1 Nb4+ 44. Ke2 a3 45. Bd6 a2 46. Ra1 Ra7 47. Kd2 Rd7 48. Kc3 Rxd6 0-1

[Event "Late-Titled-Tuesday-Blitz-February-27-2024"]
[Site "Chess.com"]
[Date "2024.02.27"]
[Round "10"]
[White "Bilan_Danila"]
[Black "GothamChess"]
[Result "0-1"]
[WhiteElo "2539"]
[BlackElo "2681"]
[TimeControl "180+1"]
[EndTime "15:55:59 PST"]
[Termination "GothamChess won on time"]

1. d4 g6 2. Nf3 Bg7 3. Bg5 c5 4. c3 Qb6 5. Qb3 cxd4 6. Qxb6 axb6 7. cxd4 Nc6 8. e3 h6 9. Bh4 g5 10. Bg3 g4 11. Ng1 h5 12. h4 Nh6 13. Nc3 Nf5 14.
Bf4 d6 15. Bb5 O-O 16. Nge2 e5 17. dxe5 dxe5 18. Bg3 Be6 19. O-O Rfd8 20. Rfd1 Nb4 21. a3 Na6 22. Rxd8+ Rxd8 23. Rd1 Rxd1+ 24. Nxd1 Bf6 25.
Ndc3 Nc5 26. b4 Nb3 27. Ne4 Bg7 28. N2c3 f6 29. f3 Nxe3 30. fxg4 hxg4 31. h5 f5 32. Nd6 Nd4 33. h6 Bxh6 34. Bxe5 Ndc2 35. Nxb7 Nxa3 36. Nd8 Bb3 37. Bc6 Bf8 38. b5 Bc5 39. Kh2 Nf1+ 40. Kh1 Nc4 41. Bc7 Nce3 42. Nb7 Bd4 43. Bd6 Bxc3 0-1

[Event "Late-Titled-Tuesday-Blitz-February-27-2024"]
[Site "Chess.com"]
[Date "2024.02.27"]
[Round "10"]
[White "DeTimmerman"]
[Black "venturov"]
[Result "1-0"]
[WhiteElo "2751"]
[BlackElo "2476"]
[TimeControl "180+1"]
[EndTime "15:56:01 PST"]
[Termination "DeTimmerman won by checkmate"]

1. b4 a5 2. b5 c6 3. Bb2 cxb5 4. e4 b4 5. a3 bxa3 6. Nxa3 e6 7. d4 d5 8. exd5 exd5 9. Nf3 Nf6 10. Bd3 Be7 11.
O-O O-O 12. c4 Bg4 13. h3 Bh5 14. Re1 Nc6 15. c5 b6 16. Qa4 Nb4 17. Ne5 bxc5 18. dxc5 Bxc5 19. Bb1 Bg6 20. Qb5 Rc8 21. Bxg6 hxg6 22.
Rac1 Ba7 23. Rcd1 Nc2 24. Re2 Rb8 25. Qa6 Ra8 26. Nc6 Qd7 27. Ne7+ Kh7 28. Qb5 Nxa3 29.
Qxd7 Nxd7 30. Bxa3 Rfe8 31. Rxd5 Nf6 32. Rb5 Rab8 33.
Rxa5 Rb1+ 34. Kh2 Bb8+ 35. g3 Ra1 36. Ra4 Bd6 37. Rh4+ Nh5 38. Bxd6 Ra6 39. Bb4 Rb6 40. Bc5 Rb5 41. Re5 f6 42. Rhxh5+ gxh5 43. Rxh5# 1-0

[Event "Late-Titled-Tuesday-Blitz-February-27-2024"]
[Site "Chess.com"]
[Date "2024.02.27"]
[Round "10"]
[White "wqws"]
[Black "szachmistrz2500"]
[Result "1-0"]
[WhiteElo "2694"]
[BlackElo "2463"]
[TimeControl "180+1"]
[EndTime "15:56:01 PST"]
[Termination "wqws won on time"]

1. e4 c5 2. Nf3 d6 3. d4 cxd4 4. Nxd4 Nf6 5. Nc3 a6 6. Bg5 e6 7.
f4 h6 8. Bh4 Be7 9. Qf3 Qc7 10.
O-O-O Nbd7 11. Bd3 g5 12. fxg5 Ne5 13. Qe2 Nfg4 14.
Nf3 Nxf3 15. gxf3 hxg5 16. Bg3 Ne5 17. f4 gxf4 18. Bxf4 Bd7 19. Bg3 O-O-O 20. h4 Kb8 21. h5 Bg5+ 22. Kb1 Rc8 23. Qf2 Bc6 24. Bf4 Bf6 25.
Bc1 Bg7 26. h6 Bf8 27. Ne2 Ng4 28. Qh4 Nxh6 29. Rdf1 f5 30. Nd4 fxe4 31. Nxc6+ Qxc6 32. Bxe4 d5 33. Bd3 Bg7 34. Rhg1 Qc7 35. Rg6 Nf5 36.
Qg4 Rcg8 37. Rxe6 Nd4 38. Rg6 Qc8 39. Rg1 1-0

[Event "Late-Titled-Tuesday-Blitz-February-27-2024"]
[Site "Chess.com"]
[Date "2024.02.27"]
[Round "10"]
[White "ChessSwole"]
[Black "wild3000"]
[Result "1-0"]
[WhiteElo "2695"]
[BlackElo "2504"]
[TimeControl "180+1"]
[EndTime "15:56:02 PST"]
[Termination "ChessSwole won on time"]

1. d4 Nf6 2. c4 e6 3. Nc3 d5 4.
cxd5 exd5 5. Bg5 c6 6. e3 Nbd7 7. Bd3 Be7 8. Nge2 h6 9. Bh4 Nh5 10. Bxe7 Qxe7 11. O-O O-O 12. Qd2 Ndf6 13. Rae1 g6 14. f3 c5 15. Kh1 Bd7 16. Bc2 Rae8 17. Nc1 Qd6 18. Nd3 cxd4 19. exd4 Rxe1 20. Rxe1 Kh7 21.
Ne5 Ng7 22. a3 Bf5 23. Bb3 h5 24. Qf4 Ne6 25. Qh4 Kg7 26. Qf2 Qb6 27. Bxd5 Nxd4 28. Bxb7 Qxb7 29. Qxd4 Qxb2 30. g4 hxg4 31. fxg4 Be6 32. g5 Nh5 33. Nd3+ Kh7 34. Nxb2 Rb8 35. Nd3 Rc8 36. Ne4 Bf5 37. Ndc5 Ng7 38. Nf6+ Kh8 39. Qh4+ Nh5 40. Nxh5 gxh5 41. Qxh5+ Kg8 42. Ne4 Bxe4+ 43.
Rxe4 Rc1+ 44. Kg2 Rc2+ 45. Re2 Rc8 46. Rf2 a5 47. Qxf7+ Kh8 48. g6 1-0

[Event "Late-Titled-Tuesday-Blitz-February-27-2024"]
[Site "Chess.com"]
[Date "2024.02.27"]
[Round "10"]
[White "ACollins05"]
[Black "KaydenTroffChess"]
[Result "0-1"]
[WhiteElo "2606"]
[BlackElo "2818"]
[TimeControl "180+1"]
[EndTime "15:56:03 PST"]
[Termination "KaydenTroffChess won on time"]

1. d4 Nf6 2. c4 g6 3. Nc3 d5 4. Nf3 Bg7 5. Qb3 dxc4 6. Qxc4 O-O 7. e4 a6 8. Be2 b5 9. Qb3 c5 10. dxc5 Be6 11. Qc2 Nbd7 12. Be3 Rc8 13. Rd1 b4 14.
Nd5 Bxd5 15. exd5 Nxc5 16. O-O Qd6 17. Rc1 Nfd7 18. Rfd1 a5 19. Bb5 Qb8 20. Bc6 b3 21. axb3 Nxb3 22. Rb1 Ne5 23. Nxe5 Bxe5 24. h4 Qb4 25. h5 a4 26. Qe2 Qh4 27. g3 Qh3 28.
Bxa4 Rb8 29. Qf3 Rb4 30. Bxb3 Rxb3 31. hxg6 fxg6 32. Qg2 Qf5 33. Rbc1 Bd6 34. Bd4 h5 35. Bc3 Rbb8 36. Rd2 Ra8 37. Re1 Ra4 38. Rde2 h4 39.
Re6 hxg3 40. fxg3 Rg4 41. R6e3 Bc5 42. Kh2 Qh5+ 43. Kg1 Qg5 44. Bd2 Rxg3 0-1

[Event "Late-Titled-Tuesday-Blitz-February-27-2024"]
[Site "Chess.com"]
[Date "2024.02.27"]
[Round "10"]
[White "VinzentSpitzl"]
[Black "noblerone"]
[Result "0-1"]
[WhiteElo "2525"]
[BlackElo "2479"]
[TimeControl "180+1"]
[EndTime "15:56:03 PST"]
[Termination "noblerone won by checkmate"]

1. d4 d5 2. Nf3 Nf6 3. c4 c6 4. g3 Bf5 5. Bg2 e6 6. O-O Nbd7 7. b3 Be7 8. Nc3 O-O 9. Re1 Ne4 10. Nxe4 Bxe4 11. Bf4 a5 12. Ne5 Bxg2 13. Nxd7 Qxd7 14.
Kxg2 Bf6 15. Be5 Bxe5 16. dxe5 Rfd8 17. e3 dxc4 18. bxc4 Qc7 19. Qb3 Rab8 20. Qc3 Rd7 21. c5 Rd5 22. f4 Rbd8 23. Re2 Rd3 24. Qb2 h5 25. Rb1 R8d7 26. h4 a4 27. Qb4 a3 28.
Rb3 Rxb3 29. axb3 Rd1 30. Qxa3 Qd7 31. Qb2 Qd5+ 32. e4 Qxc5 33. Rf2 Qe3 34. Qe2 Qc1 35.
f5 Rg1+ 36. Kh2 Rh1+ 37. Kg2 Qg1+ 38. Kf3 Rh3 39. Rg2 Qc1 40. Qe3 Qd1+ 41. Kf2 Rh1 42. Qe2 Qd4+ 43. Kf3 Rd1 44. f6 Rd3+ 45. Kf4 gxf6 46.
exf6 Qxf6# 0-1

[Event "Late-Titled-Tuesday-Blitz-February-27-2024"]
[Site "Chess.com"]
[Date "2024.02.27"]
[Round "10"]
[White "JaackCamel"]
[Black "jcmesafischer"]
[Result "0-1"]
[WhiteElo "2233"]
[BlackElo "2360"]
[TimeControl "180+1"]
[EndTime "15:56:03 PST"]
[Termination "jcmesafischer won on time"]

1. d4 Nf6 2. c4 e6 3. Nc3 Bb4 4. Qc2 O-O 5. a3 Bxc3+ 6. Qxc3 d5 7. Nf3 c5 8. Bg5 cxd4 9. Nxd4 dxc4 10. e3 e5 11. Nf3 Nc6 12. Rd1 Qe7 13. Bxc4 Bg4 14. h3 Bh5 15. g4 Bg6 16. O-O h6 17. Bh4 Rac8 18. b4 e4 19. Bxf6 gxf6 20. Nh4 Kg7 21. Qb3 Ne5 22. Be2 Rc7 23. Kh1 Rfc8 24. Rg1 Rc2 25.
Nf5+ Bxf5 26. gxf5+ Kh8 27. Bh5 Rxf2 28. Qd5 Rcc2 29. Qd8+ Qxd8 30. Rxd8+ Kh7 31. Rgg8 Rf1+ 32. Rg1 Rff2 33. Rgg8 Rf1+ 34. Rg1 Rxg1+ 35. Kxg1 Nc4 36. Rd7 Nxe3 37. Rxf7+ Kh8 38. Rf8+ Kg7 39. Rf7+ Kg8 40.
Rxf6 Rg2+ 0-1

[Event "Late-Titled-Tuesday-Blitz-February-27-2024"]
[Site "Chess.com"]
[Date "2024.02.27"]
[Round "10"]
[White "hansen"]
[Black "FabianoCaruana"]
[Result "0-1"]
[WhiteElo "2925"]
[BlackElo "3060"]
[TimeControl "180+1"]
[EndTime "15:56:04 PST"]
[Termination "FabianoCaruana won by resignation"]

1. e4 c5 2. Nf3 Nc6 3. Bb5 g6 4.
Bxc6 dxc6 5. d3 Qc7 6. h3 e5 7. O-O Nf6 8. a3 Nh5 9. Qe1 a5 10. Nc3 a4 11. Be3 Bd6 12. Ne2 O-O 13. Qc3 b6 14.
Nd2 Be6 15. Nc4 Bxc4 16. dxc4 Nf4 17. Rfe1 Rad8 18. Rad1 Ne6 19. Rd3 Nd4 20. Qd2 Be7 21. Qd1 Rfe8 22. Kh1 Qc8 23. Nc1 b5 24. cxb5 cxb5 25.
c3 c4 26. Rd2 Ne6 27. Na2 Rxd2 28. Qxd2 Rd8 29. Qe2 Qd7 30. Kg1 Kg7 31. g3 Ng5 32. Bxg5 Bxg5 33. h4 Be7 34. Kg2 h5 35. Qe3 Qd2 36.
Qe2 Qxe2 37. Rxe2 Rd1 38. Rc2 f5 39. exf5 gxf5 40. Nc1 Bc5 41. Ne2 Kf6 42. Ng1 e4 43. Nh3 e3 44. fxe3 Bxe3 45. Re2 Rd2 46. Nf4 Bxf4 0-1